 Dungeon Crawl Stone Soup version 0.18.1-48-g4cf74bf (webtiles) character file.

221 Jonno22 the Shield-Bearer (level 6, -10/48 HPs)
             Began as a Human Fighter on Aug 22, 2016.
             Mangled by an ogre
             ... wielding a cursed +0 giant club
              (18 damage)
             ... on level 4 of the Dungeon.
             The game lasted 00:34:25 (3666 turns).

Jonno22 the Shield-Bearer (Human Fighter)           Turns: 3666, Time: 00:34:26

Health: -10/48     AC:  9    Str: 18    XL:     6   Next: 18%
Magic:  5/5        EV: 10    Int:  8    God:
Gold:   266        SH:  9    Dex: 13    Spells: 0 memorised, 5 levels left

rFire  . . .     SeeInvis .     a - +2 long sword
rCold  . . .     Gourm    .     b - +0 scale mail
rNeg   + . .     Faith    .     c - +0 shield
rPois  .         Spirit   .     (no helmet)
rElec  .         Dismiss  .     (no cloak)
rCorr  .         Reflect  .     H - +1 pair of gloves
SustAt .         Harm     .     (no boots)
MR     +....                    (no amulet)
Stlth  ..........               q - ring of positive energy
                                v - +2 ring of evasion

@: somewhat resistant to hostile enchantments, extremely unstealthy
A: low mp 1, magic resistance 1, evolution 1
a: no special abilities


You were on level 4 of the Dungeon.
You were not hungry.

You visited 1 branch of the dungeon, and saw 4 of its levels.
You also visited: Sewer.

You collected 266 gold pieces.

Inventory:

Hand Weapons
 a - a +2 long sword (weapon)
 d - a +0 glaive
 j - a +2 vampiric dagger
 r - a +0 dagger
 y - a +0 club
 B - a +0 spear
 E - a +0 mace
 F - a +0 club
 L - a +0 club
 M - a +0 dagger
 O - a +0 club
Missiles
 e - 10 arrows
 g - 6 tomahawks (quivered)
 k - 31 stones
 o - 2 throwing nets
 z - 20 bolts
 C - 24 sling bullets
Armour
 b - a +0 scale mail (worn)
 c - a +0 shield (worn)
 i - a +0 ring mail
 H - a +1 pair of gloves (worn)
Jewellery
 q - a ring of positive energy (right hand)
 v - a +2 ring of evasion (left hand)
 N - an uncursed ring of wizardry
Potions
 h - a potion of resistance {unknown}
 l - a potion of haste
 u - a potion of blood
Books
 J - a Fen Folio

   Spells                             Type                      Level
   a - Corpse Rot                     Necromancy                   2
   b - Stone Arrow                    Conjuration/Earth            3
   c - Leda's Liquefaction            Hexes/Earth                  4
   d - Summon Forest                  Summoning/Translocation      5
   e - Hydra Form                     Transmutation                6
   f - Summon Hydra                   Summoning                    7
Comestibles
 f - 3 bread rations
 m - a beef jerky
 t - a meat ration
 K - a slice of pizza


   Skills:
 + Level 4.0 Fighting
 + Level 2.8 Long Blades
 + Level 3.8 Armour
 + Level 1.4 Dodging
 + Level 4.4 Shields


You had 5 spell levels left.
You didn't know any spells.

Dungeon Overview and Level Annotations

Branches:
Dungeon (4/15)
 Temple: D:4-7

Altars:
Sif Muna
Yredelemnul

Annotations:
D:2 Purgy


Innate Abilities, Weirdness & Mutations

Your magical capacity is low (-10% MP).
You are resistant to hostile enchantments.
You evolve.


Message History

The adder poisons you!
You climb upwards.
You feel sick.
There is a stone staircase leading down here.
The adder bites you but does no damage. You block the ogre's attack.
You climb downwards.
There is a stone staircase leading up, spattered with blood here.
You feel sick. You block the adder's attack.
Found a dagger.
You block the adder's attack. The adder bites you but does no damage.
Found 25 arrows.
Found 20 bolts.
You feel sick. You block the adder's attack. The adder barely misses you.
You feel sick.
You are no longer poisoned.
The adder barely misses you. The ogre closely misses you.
You block the adder's attack.
You open the door. The ogre hits you with a giant club!!
You die...

#....# ###.....................
#....# ......(.#.....##........
#....####.######.#####...........
#....#.........#.#####.##....####
#...........#................####
............#....................
.........)............a.....#....
............#..#'#####...........
........#......#@................
......<.##.....OS...............†
...........................^.....
......####...................#..#
.........#..#................##.#
................)(...............
.............................##..
...................(........ #..
.###....<...#.###.......... #...


You could see an ogre and an adder.

Vanquished Creatures
  An iguana (D:4)
  A worker ant (D:4)
  A hound skeleton (D:4)
  4 adders
  A river rat (D:4)
  2 oozes
  An adder skeleton (D:4)
  4 worms
  6 dart slugs
  3 giant geckos
  6 giant cockroaches
  13 goblins
  4 hobgoblins
  A quokka (D:3)
  4 ball pythons (D:4)
  7 bats
  A giant gecko skeleton (D:4)
  6 giant newts
  8 kobolds
  9 rats
  A spectral orc (D:2)
84 creatures vanquished.

Vanquished Creatures (others)
  2 orc wizards (D:3)
2 creatures vanquished.

Grand Total: 86 creatures vanquished

Notes
Turn   | Place    | Note
--------------------------------------------------------------
     0 | D:1      | Jonno22 the Human Fighter began the quest for the Orb.
     0 | D:1      | Reached XP level 1. HP: 18/18 MP: 1/1
    53 | D:1      | Reached XP level 2. HP: 17/24 MP: 2/2
   184 | D:1      | Reached XP level 3. HP: 19/29 MP: 3/3
   901 | D:2      | Reached XP level 4. HP: 23/36 MP: 4/4
   948 | D:2      | Found a basalt altar of Yredelemnul.
  2252 | D:3      | Reached XP level 5. HP: 42/42 MP: 5/5
  2328 | D:3      | Found a deep blue altar of Sif Muna.
  2899 | D:4      | Reached skill level 1 in Dodging
  2941 | D:4      | Gained mutation: You are resistant to hostile enchantments. [potion of mutation]
  2941 | D:4      | Gained mutation: Your magical capacity is low (-10% MP). [potion of mutation]
  2941 | D:4      | Gained mutation: You evolve. [potion of mutation]
  2963 | D:4      | Reached XP level 6. HP: 16/48 MP: 5/5
  3025 | D:4      | Found a glowing drain.
  3079 | Sewer    | Entered a sewer
  3112 | Sewer    | Noticed Purgy
  3612 | D:4      | Noticed an ogre
  3666 | D:4      | Mangled by an ogre

Skill      XL: |  1  2  3  4  5 |
---------------+----------------+-----
Shields        | 4 |  4.4
Dodging        | 1 |  1.4
Fighting       | 4 |  4.0
Long Blades    | |  2.8
Armour         | |  3.8

Action                   |  1- 3 |  4- 6 || total
-------------------------+-------+-------++-------
Melee: Long sword        |   115 |   205 ||   320
  Use: Scroll            |     2 |    14 ||    16
       Potion            |       |     8 ||     8
 Stab: Invisible         |       |     3 ||     3
  Eat: Bread ration      |       |     3 ||     3
Armor: Scale mail        |    41 |   167 ||   208
Dodge: Dodged            |    42 |   139 ||   181
Block: Shield            |    72 |   205 ||   277
